 Dungeon Crawl Stone Soup version 0.27.1-3-gb3d3a73c9e (webtiles) character file.

Game seed: 9834764266801917676

130 BaBoi the Covered (level 4, 0/41 HPs)
             Began as a Minotaur Fighter on Oct 14, 2021.
             Slain by a gnoll (9 damage)
             ... on level 5 of the Dungeon.
             The game lasted 00:03:31 (2019 turns).

BaBoi the Covered (Minotaur Fighter)                Turns: 2019, Time: 00:03:32

Health: 0/41       AC:  7    Str: 21    XL:     4   Next: 90%
Magic:  0/3        EV:  8    Int:  5    God:
Gold:   91         SH:  9    Dex: 10    Spells: 3/3 levels left

rFire    . . .     SeeInvis .   a - +1 long sword
rCold    . . .     Faith    .   c - +0 kite shield
rNeg     . . .     Spirit   .   b - +0 scale mail
rPois    .         Reflect  .   (helmet restricted)
rElec    .         Harm     .   (no cloak)
rCorr    .         Rampage  .   (no gloves)
Will     .....                  (no boots)
Stlth    ..........             (no amulet)
HPRegen  0.13/turn              (no ring)
MPRegen  0.08/turn              (no ring)

@: mighty
A: horns 2, retaliatory headbutt
a: no special abilities


You were on level 5 of the Dungeon.
You visited 1 branch of the dungeon, and saw 4 of its levels.

You collected 91 gold pieces.

Inventory:

Hand Weapons
 a - a +1 long sword (weapon)
Armour
 b - a +0 scale mail (worn)
 c - a +0 kite shield (worn)
Scrolls
 e - a scroll of teleportation
 j - a scroll of magic mapping
Potions
 d - a potion of might
 f - a potion of haste
 g - a potion of heal wounds {unknown}


   Skills:
 + Level 4.4 Fighting
 + Level 3.8 Long Blades
 + Level 4.5 Armour
 + Level 1.2 Dodging
 + Level 4.3 Shields


You had 3 spell levels left.
You didn't know any spells.
Your spell library was empty.

Dungeon Overview and Level Annotations

Branches:
Dungeon (3/15)

Altars:


Innate Abilities, Weirdness & Mutations

You have a pair of horns on your head.
You reflexively headbutt those who attack you in melee.


Message History

You hit the hound.
The hound is lightly wounded.
You block the hound's attack. The hound barely misses you.
You block the gnoll's attack. You block the hound's attack.
You slash the hound!
The hound is almost dead.
The hound bites you but does no damage. The gnoll barely misses you.
The hound misses you. The gnoll closely misses you.
You miss the hound. You headbutt the hound.
You kill the hound!
You block the gnoll's attack.
You hit the gnoll. Your headbutt misses the gnoll.
The gnoll is lightly wounded.
The gnoll closely misses you. You block the gnoll's attack. x2
The gnoll hits you with a +0 whip.
The gnoll hits you from afar with a +1 antimagic halberd!
* * * LOW HITPOINT WARNING * * *
You are too injured to fight recklessly!
You are too injured to fight recklessly!
You are too injured to fight recklessly!
You are too injured to fight recklessly!
You are too injured to fight recklessly!
You are too injured to fight recklessly!
You are too injured to fight recklessly!
You are too injured to fight recklessly!
You are too injured to fight recklessly!
You are too injured to fight recklessly!
You are too injured to fight recklessly!
You are too injured to fight recklessly!
You are too injured to fight recklessly!
You are too injured to fight recklessly!
You are too injured to fight recklessly!
You are too injured to fight recklessly!
You are too injured to fight recklessly!
You are too injured to fight recklessly!
You are too injured to fight recklessly!
You are too injured to fight recklessly!
You feel very mighty all of a sudden.
The gnoll hits you from afar with a +0 halberd!
You die...

..#. ..#.
### ... ...
..# #.###
..# ...# ..#
###.###g.###
#....@gg...#
#.##.##g.#.#
.< #.# ?....
## #.#
.....# #.#
....... ..#
.(..... ...
....).. ###
.....##


You could see 4 gnolls.

Vanquished Creatures
  2 hounds (D:5)
  2 adders
  8 endoplasms
  3 giant cockroaches
  4 goblins
  4 hobgoblins (D:1)
  9 jackals
  4 kobolds
  2 quokkas (D:1)
  3 ball pythons
  2 bats
  2 frilled lizards
  2 rats (D:2)
47 creatures vanquished.

Notes
Turn   | Place    | Note
-------+----------+-------------------------------------------
     0 | D:1      | BaBoi the Minotaur Fighter began the quest for the Orb.
     0 | D:1      | Reached XP level 1. HP: 19/19 MP: 0/0
   186 | D:1      | Reached XP level 2. HP: 26/27 MP: 1/1
   690 | D:1      | Found a faded altar of an unknown god.
   908 | D:2      | Reached XP level 3. HP: 33/33 MP: 2/2
  1964 | D:3      | Reached XP level 4. HP: 40/40 MP: 3/3
  2004 | D:3      | You fall into a shaft and drop 2 floors!
  2004 | D:5      | Entered Level 5 of the Dungeon
  2011 | D:5      | Reached skill level 1 in Dodging
  2019 | D:5      | Slain by a gnoll

Illustrated notes

Levels and vault maps discovered:
D:1:      mrwooster_arrival_statue_2, layout_basic,
          shapermc_ecumenical_altar_mp_vishouse
D:2:      layout_basic
D:3:      layout_rooms, mainiacjoe_overflow_concentric_impassable,
          kennysheep_generic_room_4
D:5:      layout_loops_ring, grunt_gozag_statues, vehumet_statue,
          amcnicky_altar_gilded, serial_shops, shop, grunt_ministairs_11

Skill      XL: |  1  2  3  4 |
---------------+-------------+-----
Armour         | 4 |  4.5
Fighting       | 4 |  4.4
Shields        | 4 |  4.3
Long Blades    | 3 |  3.8
Dodging        | 1 |  1.2

Action                   |  1- 3 |  4- 6 || total
-------------------------+-------+-------++-------
Melee: Long sword        |    93 |     9 ||   102
       Headbutt          |    15 |     2 ||    17
  Use: Scroll            |     5 |       ||     5
       Potion            |     1 |     1 ||     2
Armor: Scale mail        |    37 |     6 ||    43
Dodge: Dodged            |    29 |     8 ||    37
Block: Kite shield       |    45 |    13 ||    58
       Rpst.: Long sword |    10 |     1 ||    11
